 Dungeon Crawl Stone Soup version 0.20-b1-18-gaa2fd62 (webtiles) character file.

46 FakerFangirl the Cudgeler (level 3, 0/31 HPs)
             Began as a Draconian Fighter on May 25, 2017.
             Shot with a stone by a goblin (7 damage)
             ... led by Robin
             ... on level 2 of the Dungeon.
             The game lasted 00:00:52 (782 turns).

FakerFangirl the Cudgeler (Draconian Fighter)        Turns: 782, Time: 00:00:52

Health: 0/31       AC:  5    Str: 18    XL:     3   Next: 44%
Magic:  3/3        EV: 10    Int:  8    God:
Gold:   72         SH:  9    Dex: 11    Spells: 2/2 levels left

rFire    . . .     SeeInvis .   Y - +1 flail
rCold    . . .     Gourm    .   b - +0 shield
rNeg     . . .     Faith    +   (armour unavailable)
rPois    .         Spirit   .   (helmet restricted)
rElec    .         Reflect  .   (no cloak)
rCorr    .         Harm     .   (no gloves)
MR       .....                  (no boots)
Stlth    +.........             k - amulet of faith
Regen    0.1/turn               (no ring)
MPRegen  0.1/turn               (no ring)

@: no status effects
A: unfitting armour, cold-blooded, AC +5
a: no special abilities


You were on level 2 of the Dungeon.
You were not hungry.

You visited 1 branch of the dungeon, and saw 2 of its levels.

You collected 72 gold pieces.


Innate Abilities, Weirdness & Mutations

Your plain brown scales are hard. (AC +5)
You cannot fit into any form of body armour.
You are cold-blooded and may be slowed by cold attacks.


   Skills:
 - Level 3.2 Fighting
 + Level 3.9 Maces & Flails
 - Level 2.6 Dodging
 - Level 3.0 Shields


You had 2 spell levels left.
You didn't know any spells.

Inventory:

Hand Weapons
 Y - a +1 flail (weapon)
Armour
 b - a +0 shield (worn)
Jewellery
 k - an amulet of faith (around neck)
Scrolls
 a - a scroll of remove curse
Potions
 c - a potion of might
Comestibles
 d - a bread ration
 f - 4 chunks of flesh

Dungeon Overview and Level Annotations

Branches:
Dungeon (2/15)

Altars:


Message History

Robin hits you but does no damage.
You sock Robin!
You kill Robin!
The goblin barely misses you.
A goblin comes into view.
You sock the goblin!
You kill the goblin!
The hobgoblin closely misses you. You block the hobgoblin's attack.
You hit the hobgoblin.
The hobgoblin is heavily wounded.
The hobgoblin no longer looks unusually strong.
You block the hobgoblin's attack.
You closely miss the hobgoblin.
Your tail-slap misses the hobgoblin.
The hobgoblin is heavily wounded.
You block the hobgoblin's attack.
You sock the hobgoblin!
You kill the hobgoblin!
The goblin wields a hunting sling.
The goblin shoots a stone.
The stone hits you!
You die...

#.##.###.....#...##
#............##..#
.....###.######.##
#.. ####.#### #.##
#.......###..#
#.##........#### #
#..#.##.....######
.....#.##.###.......
...###.#....%@)g###
## #.####.###.# #..
...# .# ######## .#
.g ##


You could see a goblin.

Vanquished Creatures
  Robin (D:2)
  An adder (D:2)
  An ooze (D:1)
  3 bats (D:1)
  2 giant cockroaches
  7 goblins
  3 hobgoblins (D:2)
  A ball python (D:2)
  3 rats
22 creatures vanquished.

Notes
Turn   | Place    | Note
-------+----------+-------------------------------------------
     0 | D:1      | FakerFangirl the Draconian Fighter began the quest for the Orb.
     0 | D:1      | Reached XP level 1. HP: 19/19 MP: 1/1
     0 | D:1      | 0 ||| counter = 2
   254 | D:1      | Reached XP level 2. HP: 24/26 MP: 2/2
   269 | D:1      | Reached skill level 3 in Maces & Flails
   530 | D:1      | 530 ||| READING 2 scrolls labeled PUALIJ ENANIA.
   531 | D:1      | 531 ||| READING scroll labeled VISIOF NAZXATO.
   532 | D:1      | 532 ||| READING 3 scrolls labeled WORHESCH SOOC.
   533 | D:1      | 533 ||| READING 2 scrolls labeled IZIELI VUUJEFEDA.
   534 | D:1      | 534 ||| READING 2 scrolls of identify.
   534 | D:1      | 534 ||| IDENTIFYING notched brass ring
   535 | D:1      | 535 ||| DROPPING ring of stealth.
   536 | D:1      | 536 ||| READING scroll of identify.
   536 | D:1      | 536 ||| IDENTIFYING thick golden amulet
   537 | D:1      | 537 ||| UPGRADING to amulet of faith.
   538 | D:1      | 538 ||| DROPPING scroll of fog.
   756 | D:2      | Noticed Robin
   765 | D:2      | Reached XP level 3. HP: 21/31 MP: 3/3
   777 | D:2      | HP: 6/31 [goblin[Robin] (2)]
   778 | D:2      | Killed Robin
   782 | D:2      | Shot with a stone by a goblin

Vault maps used:
D:1:      minmay_arrival_shattered_statue, minmay_misc_feat_nine_boxes
D:2:      amethyst_overflow_temple_binary, first_bread, trog_hazing_becter,
          uniq_robin

Skill      XL: |  1  2 |
---------------+-------+-----
Maces & Flails | 3 |  3.9
Fighting       | |  3.2
Dodging        | |  2.6
Shields        | |  3.0

Action                   || total
-------------------------++-------
Melee: Flail             ||    65
       Tailslap          ||     9
  Use: Scroll            ||     6
Armor: Skin              ||    16
Dodge: Dodged            ||    26
Block: Shield            ||    34
